 Dungeon Crawl Stone Soup version 0.22-a0-283-g1871b15 (webtiles) character file.

85 Gorglomux the Covered (level 4, 0/33 HPs)
             Began as a Minotaur Earth Elementalist on Mar 18, 2018.
             Succumbed to a worker ant's poison
             ... on level 2 of the Dungeon.
             The game lasted 00:01:43 (1817 turns).

Gorglomux the Covered (Minotaur Earth Elementalist) Turns: 1817, Time: 00:01:44

Health: 0/33       AC:  6    Str: 14    XL:     4   Next: 25%
Magic:  3/5        EV: 15    Int: 12    God:
Gold:   104        SH:  0    Dex: 15    Spells: 4/5 levels left

rFire    + . .     SeeInvis .     - Unarmed
rCold    + . .     Gourm    .   (no shield)
rNeg     . . .     Faith    .   f - +0 scale mail
rPois    +         Spirit   .   (helmet restricted)
rElec    +         Reflect  .   (no cloak)
rCorr    +         Harm     .   (no gloves)
MR       .....                  (no boots)
Stlth    ++........             (no amulet)
HPRegen  0.11/turn              (no ring)
MPRegen  0.09/turn              (no ring)

@: agile, lethally poisoned (0 -> -8), resistant
A: retaliatory headbutt, horns 2
a: no special abilities


You were on level 2 of the Dungeon.
You were not hungry.

You visited 1 branch of the dungeon, and saw 2 of its levels.

You collected 104 gold pieces.

Inventory:

Missiles
 b - 47 stones (quivered)
Armour
 f - a +0 scale mail (worn)
Jewellery
 h - a cursed -2 ring of strength {unknown}
Scrolls
 e - 2 scrolls of magic mapping {unknown}
 j - a scroll of remove curse {unknown}
 k - a scroll of noise {unknown}
 m - a scroll of enchant weapon {unknown}
 n - a scroll of identify {unknown}
 o - a scroll of fog {unknown}
Potions
 i - a potion of resistance
Comestibles
 d - 4 rations


   Skills:
 + Level 3.2 Armour
 - Level 2.1 Dodging
 - Level 1.5 Stealth
 + Level 2.9 Unarmed Combat
 - Level 1.3 Spellcasting
   Level 0.7 Transmutations
 - Level 2.4 Earth Magic


You had 4 spell levels left.
You knew the following spells:

 Your Spells              Type           Power        Failure   Level  Hunger
a - Sandblast             Erth           #.....       41%         1    ##.....


Dungeon Overview and Level Annotations

Branches:
Dungeon (2/15)

Altars:

Annotations:
D:2 1 runed door


Innate Abilities, Weirdness & Mutations

You reflexively headbutt those who attack you in melee.
You have a pair of horns on your head.


Message History

You feel protected! * * * don't die
* * * You feel sick!
The butt ant bites you! * * * don't die
* * * It was a potion of agility!
You feel agile all of a sudden! * * * don't die
* * * You feel sick!
The worker ant completely misses you! You furiously retaliate!!!
You headbutt the worker ant!
You squash the worker ant but do no damage!
The worker ant is severely butt! * * * don't die
* * * You feel sick!
The worker ant closely misses you! You furiously retaliate!!!
You headbutt the worker ant! The butt ant barely misses you!
You furiously retaliate!!!
You headbutt the worker ant!
You annihilate the worker ant!!!
Your Armour skill increases to level 3!!!
You have reached butt 4!!!
You feel stronger! rip

##### #.. #####.... . ##
#.. ........# .. . #.#
#.#...... .#. #.#.#
#.####. .... .#.## #.#
#.. ..... ... .#.# #..
#....#.# ... #.#
#(..@########.# #>#
.#.............# #..
....$..?.........#.#####
.....##........###......
##.#.#.#######.# ####..
.. ...# #.# ### # ##.#
#.######### #.
#.......... .
###########


There were no monsters in sight!

Vanquished Creatures
  A worker ant (D:2)
  An adder (D:2)
  2 dart slugs (D:1)
  2 leopard geckos
  7 bats
  2 giant cockroaches (D:1)
  3 goblins (D:1)
  4 hobgoblins
  10 jackals
  3 kobolds
  2 quokkas (D:2)
  4 frilled lizards
  2 rats (D:1)
43 creatures vanquished.

Notes
Turn   | Place    | Note
-------+----------+-------------------------------------------
     0 | D:1      | Gorglomux the Minotaur Earth Elementalist began the quest for the Orb.
     0 | D:1      | Reached XP level 1. HP: 14/14 MP: 1/1
    67 | D:1      | Reached skill level 1 in Armour
    88 | D:1      | Reached skill level 1 in Unarmed Combat
   102 | D:1      | Reached XP level 2. HP: 4/20 MP: 0/3
   676 | D:1      | Reached skill level 2 in Armour
   892 | D:1      | Reached XP level 3. HP: 25/26 MP: 4/4
  1181 | D:2      | Found a runed door.
  1301 | D:2      | Noticed a phantom
  1816 | D:2      | HP: 1/26 [poisoned by a worker ant]
  1816 | D:2      | Reached skill level 3 in Armour
  1816 | D:2      | Reached XP level 4. HP: 1/33 MP: 3/5
  1817 | D:2      | Succumbed to a worker ant's poison

Vault maps used:
D:1:      dpeg_arrival_tiny_a, hangedman_decor_growths
D:2:      uniq_crazy_yiuf_cottage, uniq_sigmund, uniq_terence

Skill      XL: |  1  2  3 |
---------------+----------+-----
Armour         | 1 2 3 |  3.2
Unarmed Combat | 1 2 |  2.9
Dodging        | |  2.1
Stealth        | |  1.5
Spellcasting   | |  1.3
Transmutations | |  0.7
Earth Magic    | |  2.4

Action                   |  1- 3 |  4- 6 || total
-------------------------+-------+-------++-------
Melee: Unarmed           |   171 |       ||   171
       Headbutt          |    18 |       ||    18
       Punch             |     1 |       ||     1
Throw: Stone             |    10 |       ||    10
 Cast: Sandblast         |     4 |       ||     4
  Use: Potion            |     2 |       ||     2
  Eat: Chunk             |     3 |       ||     3
Armor: Robe              |     6 |       ||     6
       Scale mail        |    70 |       ||    70
Dodge: Dodged            |   112 |       ||   112

Table legend:
 A = Spawn XP
 B = Non-spawn XP
 C = Spawn XP percentage of total XP
 D = Spawn monster count
 E = Non-spawn monster count
 F = Spawn count percentage of total count
 G = Total turns spent on level
                    A         B        C        D         E        F      G
               +---------+---------+-------+---------+---------+-------+---------
         Total |       0 |     122 |   0.0 |       0 |      43 |   0.0 |  1817
               +---------+---------+-------+---------+---------+-------+---------
           D:1 |       0 |      58 |   0.0 |       0 |      30 |   0.0 |  1168
           D:2 |       0 |      64 |   0.0 |       0 |      13 |   0.0 |   649
               +---------+---------+-------+---------+---------+-------+---------
